 Dungeon Crawl Stone Soup version 0.22-a0-348-gd16d139 (webtiles) character file.

11855 JeffiDaFish the Geomancer (level 11, 0/68 HPs)
             Began as a Gargoyle Earth Elementalist on Apr 8, 2018.
             Was a High Priest of Sif Muna.
             Slain by a minotaur
             ... wielding the +9 staff of Wucad Mu {channel}
              (9 damage)
             ... in a labyrinth.
             The game lasted 00:51:33 (14807 turns).

JeffiDaFish the Geomancer (GrEE)                   Turns: 14807, Time: 00:51:33

Health: 0/68       AC: 14    Str: 17    XL:     11   Next: 84%
Magic:  14/25      EV: 16    Int: 21    God:    Sif Muna [*****.]
Gold:   1096       SH:  0    Dex: 13    Spells: 13/31 levels left

rFire    . . .     SeeInvis .   l - +4 mace (venom)
rCold    . . .     Gourm    .   (no shield)
rNeg     + . .     Faith    .   g - +0 robe
rPois    ∞         Spirit   .   j - +0 hat
rElec    +         Reflect  .   (no cloak)
rCorr    .         Harm     .   p - +0 pair of gloves {Str+3}
MR       .....                  e - +0 pair of boots
Stlth    ++........             k - amulet of regeneration
HPRegen  0.61/turn              r - ring "Abreymagh" {Int+2 Dex+3}
MPRegen  0.19/turn              t - +4 ring of evasion

@: flying, divine energy
A: big wings, slimy green scales 1, negative energy resistance 1, robust 1,
electricity resistance, strong 1, unbreathing, petrification resistance, rot
immunity, AC +8
a: Stop Flying, Stop Divine Energy, Channel Magic, Forget Spell, Renounce
Religion


You were in a labyrinth.
You worshipped Sif Muna.
Sif Muna was extremely pleased with you.
You were near starving.

You visited 1 branch of the dungeon, and saw 11 of its levels.
You also visited: Labyrinth, Sewer and Bailey.

You collected 1096 gold pieces.

Inventory:

Hand Weapons
 l - a +4 mace of venom (weapon)
Missiles
 b - 136 stones (quivered)
Armour
 e - a +0 pair of boots (worn)
 g - a +0 robe (worn)
 j - a +0 hat (worn)
 p - a +0 pair of gloves of strength (worn)
Jewellery
 k - an amulet of regeneration (around neck)
 r - the ring "Abreymagh" (left hand) {Int+2 Dex+3}
   (You found it on level 9 of the Dungeon)

   [ring of intelligence]

   It affects your intelligence (+2).
   It affects your dexterity (+3).
 t - a +4 ring of evasion (right hand)
Wands
 n - a wand of acid (5)
 v - a wand of flame (31)
Scrolls
 c - 4 scrolls of identify
 f - 5 scrolls of remove curse
 i - 4 scrolls of amnesia
 m - 4 scrolls of magic mapping
 o - a scroll of fog
 u - a scroll of teleportation
Potions
 a - a potion of cancellation
 h - 4 potions of curing
 s - a potion of might
Comestibles
 d - 20 rations


   Skills:
 + Level 4.4 Fighting
 - Level 1.5 Dodging
 - Level 2.1 Stealth
 * Level 10.7 Spellcasting
 * Level 6.9 Conjurations
   Level 0.7 Transmutations
 + Level 4.2 Ice Magic
 * Level 13.7 Earth Magic


You had 13 spell levels left.
You knew the following spells:

 Your Spells              Type           Power        Failure   Level  Hunger
a - Sandblast             Erth           ######       1%          1    None
b - Stone Arrow           Conj/Erth      ######       1%          3    None
c - Lee's Rapid Deconstr  Erth           ######....   1%          5    ####...
d - Bolt of Cold          Conj/Ice       ####......   67%         6    ######.
e - Mephitic Cloud        Conj/Pois/Air  ###.....     7%          3    None


Dungeon Overview and Level Annotations

Branches:
Dungeon (11/15)            Temple (0/1) D:6
   Lair: D:8-11         Orc: D:9-12

Altars:
Nemelex Xobeh
Okawaru
Qazlal
Ru
Sif Muna
Vehumet
Xom
The Shining One

Shops:
D:4 %   D:10 }


Innate Abilities, Weirdness & Mutations

You are resistant to torment.
Your stone body is resilient. (AC +8)
You are immune to poison.
You resist negative energy. (rN+)
You are resistant to electric shocks. (rElec)
You can survive without breathing.
You are immune to petrification.
You are immune to rotting.
Your large and strong wings let you fly indefinitely.
You are partially covered in slimy green scales. (AC +2)
You are robust. (+10% HP)
Your muscles are strong. (Str +2)


Message History

Confirm with . or Enter, or press ? or * to list all spells.
Aiming: Lee's Rapid Deconstruction (safe; 1% risk of failure)
Press: ? - help, Dir - move target cursor That beam is likely to hit you.
Continue anyway?
The crystal wall shatters!
The blast of crystal shards hits the minotaur.
The minotaur is almost dead.
The blast of crystal shards hits you!
Ouch! That really hurt!
Casting: Lee's Rapid Deconstruction (safe; 1% risk of failure)
Confirm with . or Enter, or press ? or * to list all spells.
Aiming: Sandblast (safe; 1% risk of failure)
Press: ? - help, Shift-Dir - straight line, f - minotaur
Aim: a minotaur, wielding the +9 staff of Wucad Mu {channel} and wearing a shiny scale mail (almost dead, covered in acid)
The blast of sand misses the minotaur.
b - 136 stones The minotaur hits you with the +9 staff of Wucad Mu {channel}!
* * * LOW HITPOINT WARNING * * *
The minotaur gores you!
You die...

#.### #
#.# # #.#
.. .. # ..
... ... #
# #.
.#####
#...
#.#.... #
# #
#.#.###.#.
.#.#<..#
#.#.#...#
. .
.#@#.#.# #
#.#.H.#.#
#.#####.#
. . ...#
### ## #


You could see a minotaur.

Vanquished Creatures
  2 two-headed ogres
  Maurice (D:10)
  2 trolls
  2 hippogriffs
  Grinder (D:3)
  4 hogs (D:7)
  10 yaks
  A human (D:7)
  2 steam dragons (D:9)
  3 hungry ghosts
  A water moccasin (D:10)
  2 sky beasts (D:9)
  6 orc warriors
  4 ice beasts
  An eye of draining (D:10)
  4 ogres
  2 phantoms
  2 black bears
  3 centaurs
  6 bullfrogs
  2 big kobolds
  9 gnoll sergeants
  5 scorpions
  A water moccasin skeleton (D:10)
  3 troll zombies (D:11)
  9 killer bees (D:10)
  4 howler monkeys
  A bullfrog zombie (D:5)
  8 crimson imps
  2 centaur zombies
  2 quasits (D:10)
  5 hounds
  3 jellies
  7 gnoll shamans
  5 orc priests
  2 bullfrog skeletons
  6 iguanas
  9 orc wizards
  5 worker ants
  An ogre zombie (D:11)
  2 hound zombies (D:10)
  A hound skeleton (D:8)
  A worker ant zombie (D:9)
  27 gnolls
  12 adders
  2 shadow imps
  An adder zombie (D:5)
  5 worms
  3 dart slugs
  7 leopard geckos
  50 orcs
  9 bats
  4 giant cockroaches
  11 hobgoblins
  11 jackals
  8 quokkas
  2 ball pythons (D:2)
  2 frilled lizards
  10 goblins
  2 goblin zombies (D:11)
  2 hobgoblin zombies (D:11)
  14 kobolds
  2 leopard gecko skeletons
  2 leopard gecko zombies
  3 orc skeletons (D:11)
  14 orc zombies (D:11)
  3 quokka skeletons
  15 rats
373 creatures vanquished.

Notes
Turn   | Place    | Note
-------+----------+-------------------------------------------
     0 | D:1      | JeffiDaFish the Gargoyle Earth Elementalist began the quest for the Orb.
     0 | D:1      | Reached XP level 1. HP: 10/10 MP: 3/3
    79 | D:1      | Reached skill level 4 in Earth Magic
    79 | D:1      | Reached XP level 2. HP: 14/15 MP: 0/5
  1063 | D:1      | Reached XP level 3. HP: 15/19 MP: 6/6
  1230 | D:1      | Learned a level 3 spell: Stone Arrow
  2188 | D:2      | Found a stormy altar of Qazlal.
  2189 | D:2      | Found an iron altar of Okawaru.
  2189 | D:2      | Found a sparkling altar of Nemelex Xobeh.
  2193 | D:2      | Found a radiant altar of Vehumet.
  2193 | D:2      | Found a deep blue altar of Sif Muna.
  2194 | D:2      | Found a glowing golden altar of the Shining One.
  2207 | D:2      | Became a worshipper of Sif Muna the Loreminder
  2331 | D:2      | Reached XP level 4. HP: 24/24 MP: 0/8
  2824 | D:2      | Reached skill level 5 in Earth Magic
  3368 | D:3      | Reached XP level 5. HP: 28/28 MP: 2/10
  3515 | D:3      | Reached * piety under Sif Muna
  3525 | D:3      | Noticed Grinder
  3679 | D:3      | Found a shimmering altar of Xom.
  3720 | D:3      | Killed Grinder
  3720 | D:3      | Reached skill level 6 in Earth Magic
  3720 | D:3      | Reached XP level 6. HP: 19/32 MP: 1/12
  3994 | D:3      | Reached XP level 7. HP: 35/36 MP: 11/14
  3996 | D:3      | Reached skill level 5 in Spellcasting
  3996 | D:3      | Reached skill level 7 in Earth Magic
  4280 | D:3      | Learned a level 5 spell: Lee's Rapid Deconstruction
  4534 | D:3      | Reached ** piety under Sif Muna
  5073 | D:4      | Found a glowing drain.
  5077 | Sewer    | Entered a sewer
  5520 | Sewer    | Found a white marble altar of Elyvilon.
  5660 | D:4      | Reached skill level 8 in Earth Magic
  5690 | D:4      | Found Nymaepru's Food Boutique.
  5962 | D:5      | Entered Level 5 of the Dungeon
  6209 | D:5      | Reached XP level 8. HP: 38/41 MP: 16/16
  6310 | D:5      | Reached *** piety under Sif Muna
  6318 | D:5      | Reached skill level 9 in Earth Magic
  7115 | D:6      | Found a staircase to the Ecumenical Temple.
  7294 | D:6      | HP: 1/41 [centaur/arrow (2)]
  7649 | D:6      | Reached skill level 10 in Earth Magic
  7649 | D:6      | Reached XP level 9. HP: 45/45 MP: 15/20
  7750 | D:6      | Reached **** piety under Sif Muna
  8236 | D:7      | Found a sacrificial altar of Ru.
  8399 | D:7      | Found a flagged portal.
  8494 | Bailey   | Entered a bailey
  8668 | Bailey   | Reached skill level 11 in Earth Magic
  9240 | Bailey   | Identified a scroll of acquirement
  9249 | Bailey   | Reached ***** piety under Sif Muna
  9573 | D:7      | Gained mutation: Your large and strong wings let you fly indefinitely. [potion of mutation]
  9573 | D:7      | Gained mutation: You are robust. (+10% HP) [potion of mutation]
  9573 | D:7      | Gained mutation: You are partially covered in slimy green scales. (AC +2) [potion of mutation]
  9573 | D:7      | Gained mutation: Your muscles are strong. (Str +2) [potion of mutation]
  9603 | D:7      | Received a gift from Sif Muna
  9727 | D:7      | Reached XP level 10. HP: 56/56 MP: 12/23
  9735 | D:7      | Learned a level 6 spell: Bolt of Cold
  9745 | D:7      | Reached skill level 1 in Conjurations
  9840 | D:7      | Reached skill level 12 in Earth Magic
  9867 | D:7      | Reached skill level 1 in Fighting
  9922 | D:7      | Reached skill level 1 in Ice Magic
 10336 | D:8      | Learned a level 3 spell: Mephitic Cloud
 11647 | D:9      | Got a faintly glowing granite ring
 11648 | D:9      | Identified the ring "Abreymagh" {Int+2 Dex+3} (You found it on level 9 of the Dungeon)
 11898 | D:9      | Reached skill level 10 in Spellcasting
 12189 | D:9      | Reached XP level 11. HP: 65/66 MP: 14/25
 12346 | D:9      | Received a gift from Sif Muna
 12351 | D:9      | Reached skill level 5 in Conjurations
 12387 | D:9      | Reached skill level 13 in Earth Magic
 12698 | D:10     | Entered Level 10 of the Dungeon
 12717 | D:10     | Identified the +4 scimitar of Dishonesty {slice, rN++ Str+3 Int-4} (You found it on level 10 of the Dungeon)
 12736 | D:10     | Noticed Maurice
 12742 | D:10     | Killed Maurice
 12760 | D:10     | Noticed a two-headed ogre
 12781 | D:10     | Killed a two-headed ogre
 12875 | D:10     | Found Beawoi's Gadget Emporium.
 14376 | D:11     | Noticed a two-headed ogre
 14379 | D:11     | Killed a two-headed ogre
 14589 | D:11     | Identified Sif Muna's Collected Works on Assistive Companions (Sif Muna gifted it to you on level 11 of the Dungeon)
 14589 | D:11     | Received a gift from Sif Muna
 14591 | D:11     | Found a labyrinth entrance.
 14644 | Lab      | Entered a labyrinth
 14802 | Lab      | Noticed a minotaur
 14807 | Lab      | Slain by a minotaur

Vault maps used:
D:1:      zaba_arrival_water, minmay_pentomino_z2
D:2:      kennysheep_six_static_rooms, grunt_temple_overflow_open,
          amethyst_killhole
D:3:      led_xom_imps, serial_bayou_ford_a, uniq_grinder
D:4:      gup_sewer_entry_spiral, serial_shops, kennysheep_mini
D:5:      cheibrodos_barr_body, first_ration
D:6:      minmay_temple_entry_purple_smoke
D:7:      enter_bailey_3, grunt_livestock, nicolae_ru_sacrificial_ziggurat
D:8:      eino_curves_01, st_stairs_11
D:9:      cheibrodos_steamvent, minmay_unpleasant_kobolds
D:10:     serial_shops, nicolae_shop_crystal, uniq_maurice
D:11:     lair_entry_dummy, zombieorc2_lemuel, lab_entry_generic, uniq_erica
Lab:      labyrinth_spiral, labyrinth_baited_teleportation_trap,
          labyrinth_skeletal_remains, lab_statue, nicolae_lab_grate_2,
          labyrinth_fake_exit, nicolae_lab_grate, nicolae_lab_hexagon,
          nicolae_lab_stuck
Sewer:    sewer_kobolds
Bailey:   bailey_polearm_gnolls_kennysheep, bailey

Skill      XL: |  1  2  3  4  5  6  7  8  9 10 11 |
---------------+----------------------------------+-----
Earth Magic    | 4 5 6 8 10 11 12 13 | 13.7
Spellcasting   | 3 4 5 7 9 10 | 10.7
Conjurations   | 4 6 |  6.9
Fighting       | 3 4 |  4.4
Ice Magic      | 2 4 |  4.2
Dodging        | |  1.5
Stealth        | |  2.1
Transmutations | |  0.7

Action                   |  1- 3 |  4- 6 |  7- 9 | 10-12 || total
-------------------------+-------+-------+-------+-------++-------
Melee: Unarmed           |    30 |       |       |       ||    30
       Hand axe          |     2 |    44 |       |       ||    46
       Mace              |       |    83 |   149 |   120 ||   352
 Cast: Sandblast         |    41 |    30 |   103 |    97 ||   271
       Stone Arrow       |     8 |    14 |    75 |    84 ||   181
       Lee's Rapid Decon |       |       |    21 |    40 ||    61
       Mephitic Cloud    |       |       |       |     2 ||     2
Invok: Divine Energy     |       |       |     1 |       ||     1
 Abil: Fly               |       |       |     1 |       ||     1
Evoke: Wand              |       |       |       |     1 ||     1
  Use: Potion            |     4 |     2 |     5 |     3 ||    14
       Scroll            |     5 |     5 |    10 |     3 ||    23
 Stab: Sleeping          |       |       |     1 |       ||     1
  Eat: Chunk             |     6 |     5 |    27 |    22 ||    60
       Ration            |       |       |       |     1 ||     1
Armor: Robe              |    15 |    51 |    85 |    79 ||   230
Dodge: Dodged            |    36 |    93 |   121 |   163 ||   413

Table legend:
 A = Spawn XP
 B = Non-spawn XP
 C = Spawn XP percentage of total XP
 D = Spawn monster count
 E = Non-spawn monster count
 F = Spawn count percentage of total count
 G = Total turns spent on level
                    A         B        C        D         E        F      G
               +---------+---------+-------+---------+---------+-------+---------
         Total |       0 |   16937 |   0.0 |       0 |     373 |   0.0 | 14807
               +---------+---------+-------+---------+---------+-------+---------
           D:1 |       0 |      34 |   0.0 |       0 |      23 |   0.0 |  1353
           D:2 |       0 |      97 |   0.0 |       0 |      25 |   0.0 |  1893
           D:3 |       0 |     643 |   0.0 |       0 |      37 |   0.0 |  1409
           D:4 |       0 |     200 |   0.0 |       0 |      15 |   0.0 |   993
           D:5 |       0 |     787 |   0.0 |       0 |      27 |   0.0 |  1123
           D:6 |       0 |    1109 |   0.0 |       0 |      30 |   0.0 |   930
           D:7 |       0 |    1918 |   0.0 |       0 |      21 |   0.0 |   854
           D:8 |       0 |     886 |   0.0 |       0 |      19 |   0.0 |  1007
           D:9 |       0 |    3213 |   0.0 |       0 |      53 |   0.0 |  1616
          D:10 |       0 |    4679 |   0.0 |       0 |      46 |   0.0 |  1667
          D:11 |       0 |    2067 |   0.0 |       0 |      36 |   0.0 |   279
         Sewer |       0 |     104 |   0.0 |       0 |      11 |   0.0 |   492
        Bailey |       0 |    1200 |   0.0 |       0 |      30 |   0.0 |  1028
               +---------+---------+-------+---------+---------+-------+---------
